 Dungeon Crawl Stone Soup version 0.21.1-1-g345015f (webtiles) character file.

6219 nicolaieve the Severer (level 10, -1/79 HPs)
             Began as a Minotaur Berserker on July 19, 2018.
             Was a High Priest of Trog.
             Slain by an orc warrior
             ... wielding a +0 halberd
              (2 damage)
             ... on level 9 of the Dungeon.
             The game lasted 00:26:53 (5869 turns).

nicolaieve the Severer (Minotaur Berserker)         Turns: 5869, Time: 00:26:54

Health: -1/79      AC: 14    Str: 25    XL:     10   Next: 61%
Magic:  9/9        EV: 10    Int:  4    God:    Trog [*****.]
Gold:   428        SH:  0    Dex: 10    Spells: 9/9 levels left

rFire    + . .     SeeInvis .   K - +1 war axe
rCold    . . .     Gourm    .   (no shield)
rNeg     . . .     Faith    .   z - +0 plate armour
rPois    .         Spirit   .   (helmet restricted)
rElec    .         Reflect  .   p - +1 cloak {+Inv}
rCorr    .         Harm     .   d - +0 pair of gloves
MR       .....                  (no boots)
Stlth    ..........             (no amulet)
HPRegen  0.23/turn              m - ring of protection from fire
MPRegen  0.11/turn              O - +3 ring of evasion

@: berserk cooldown, slowed, very slow
A: retaliatory headbutt, horns 2
a: Berserk, Trog's Hand, Brothers in Arms, Burn Spellbooks, Renounce Religion,
Evoke Invisibility


You were on level 9 of the Dungeon.
You worshipped Trog.
Trog was extremely pleased with you.
You were very hungry.

You visited 1 branch of the dungeon, and saw 9 of its levels.
You also visited: Sewer.

You collected 428 gold pieces.

Inventory:

Hand Weapons
 K - a +1 war axe (weapon)
Armour
 d - a +0 pair of gloves (worn)
 p - a +1 cloak of invisibility (worn)
 z - a +0 plate armour (worn)
Jewellery
 m - a ring of protection from fire (left hand)
 O - a +3 ring of evasion (right hand)
Wands
 t - a wand of digging (16)
 w - a wand of polymorph (51)
 E - a wand of clouds (11)
 G - a wand of scattershot (5)
 M - a wand of acid (14)
 N - a wand of enslavement (15)
Scrolls
 a - 3 scrolls of enchant weapon
 f - 2 scrolls of remove curse
 h - 2 scrolls of enchant armour {unknown}
 l - a scroll of immolation {unknown}
 o - 2 scrolls of magic mapping {unknown}
 v - 2 scrolls of random uselessness {unknown}
 B - a scroll of fog {unknown}
 F - a scroll of vulnerability {unknown}
 H - a scroll of fear {unknown}
 I - 2 scrolls of blinking {unknown}
Potions
 b - a potion of agility
 e - 4 potions of curing
 g - a potion of heal wounds {unknown}
 j - 2 potions of might
 k - a potion of berserk rage {unknown}
 s - a potion of degeneration {unknown}
 A - a potion of brilliance {unknown}
 C - 2 potions of cancellation
 D - a potion of haste {unknown}
 J - 3 potions of mutation
 L - 2 potions of flight
 P - a potion of ambrosia {unknown}
 Q - a potion of lignification {unknown}
Comestibles
 c - 15 rations


   Skills:
 * Level 4.2 Fighting
 + Level 17.7 Axes
 * Level 3.0 Armour
 - Level 2.2 Dodging


You had 9 spell levels left.
You didn't know any spells.

Dungeon Overview and Level Annotations

Branches:
Dungeon (9/15)             Temple (0/1) D:6             Orc (0/2) D:9
   Lair: D:8-11

Altars:
Cheibriados
Hepliaklqana
Qazlal
Trog
Xom
Yredelemnul
The Shining One


Innate Abilities, Weirdness & Mutations

You reflexively headbutt those who attack you in melee.
You have a pair of horns on your head.


Message History

Things that are here:
2 stones; a short sword; an orc corpse The orc warrior hits you from afar with a halberd!
* * * LOW HITPOINT WARNING * * *
Items here: )) [ † a chain mail; a hand axe; a mace; an orc corpse Unknown command.
The orc warrior hits you from afar with a halberd.
* * * LOW HITPOINT WARNING * * *
Items here: ))) [[ †††† Your skin stops crawling.
You feel less resistant to hostile enchantments.
The orc warrior hits you from afar with a halberd.
* * * LOW HITPOINT WARNING * * *
The orc warrior barely misses you.
There is a stone staircase leading up here.
The orc warrior hits you from afar with a halberd.
* * * LOW HITPOINT WARNING * * *
The orc warrior hits you from afar with a halberd.
You die... #....# #....# ##....###### ...'.........# 8. .8.#.........# oo#

...#.........#
#o##
#o##.........#
#.o
#.##..@......(
#o>o
#.##..........
oo##)##.oo.......
#)#)##.o........
#o.)#)...####..
#.8(o.[[.# .
#...#"[..#
#####..(.# .....#


You could see 3 orc warriors and an orc.

Vanquished Creatures
  A two-headed ogre (D:8)
  Maurice (D:8)
  Grinder (D:4)
  A hippogriff (D:8)
  A yak (D:7)
  The ghost of TBriggs11TB the Poker, an amateur MiBe of Trog (D:3)
  3 hogs (D:7)
  A human (D:7)
  A hungry ghost (D:8)
  A soldier ant (D:5)
  A water moccasin (D:7)
  Duvessa (D:7)
  Purgy (Sewer)
  A sky beast (D:8)
  3 orc warriors
  2 phantoms
  2 ice beasts
  A centaur (D:6)
  4 ogres
  3 bullfrogs (D:7)
  Dowan (D:7)
  4 scorpions
  A killer bee (D:5)
  4 wights (D:6)
  A howler monkey (D:4)
  7 crimson imps
  8 hounds
  12 orc priests
  7 orc wizards
  An iguana (D:6)
  12 worker ants
  A worker ant zombie (D:5)
  7 gnolls
  11 adders
  A shadow imp (D:8)
  An ooze (D:3)
  An adder skeleton (D:6)
  5 worms
  2 dart slugs
  4 leopard geckos
  42 orcs
  10 giant cockroaches
  A goblin (D:2)
  5 hobgoblins (D:2)
  14 jackals
  11 kobolds
  A quokka (D:8)
  2 ball pythons
  A ball python skeleton (D:4)
  8 bats
  3 frilled lizards
  2 jackal skeletons
  A quokka skeleton (D:8)
  5 rats
  2 butterflies (D:5)
230 creatures vanquished.

Notes
Turn   | Place    | Note
-------+----------+-------------------------------------------
     0 | D:1      | nicolaieve the Minotaur Berserker began the quest for the Orb.
     0 | D:1      | Reached XP level 1. HP: 19/19 MP: 0/0
   122 | D:1      | Reached skill level 4 in Axes
   370 | D:1      | Reached XP level 2. HP: 27/27 MP: 1/1
   710 | D:2      | Reached skill level 5 in Axes
   710 | D:2      | Reached XP level 3. HP: 33/33 MP: 2/2
   817 | D:2      | Reached ** piety under Trog
   825 | D:2      | Reached skill level 6 in Axes
   825 | D:2      | Reached XP level 4. HP: 34/40 MP: 3/3
  1308 | D:2      | Found a snail-covered altar of Cheibriados.
  1311 | D:2      | Found a shimmering altar of Xom.
  1314 | D:2      | Found a stormy altar of Qazlal.
  1479 | D:3      | Noticed TBriggs11TB's ghost (amateur MiBe)
  1492 | D:3      | Killed TBriggs11TB's ghost
  1492 | D:3      | Reached skill level 8 in Axes
  1492 | D:3      | Reached XP level 5. HP: 46/46 MP: 4/4
  1599 | D:3      | Reached XP level 6. HP: 52/52 MP: 5/5
  1792 | D:3      | Reached *** piety under Trog
  1941 | D:4      | Noticed Grinder
  1946 | D:4      | Killed Grinder
  1946 | D:4      | Reached skill level 9 in Axes
  1946 | D:4      | Reached XP level 7. HP: 58/58 MP: 6/6
  2033 | D:4      | Reached skill level 10 in Axes
  2161 | D:4      | Reached skill level 11 in Axes
  2442 | D:5      | Entered Level 5 of the Dungeon
  2485 | D:5      | Reached XP level 8. HP: 61/66 MP: 7/7
  2756 | D:5      | Reached skill level 12 in Axes
  2887 | D:5      | Found a runed door.
  2896 | D:5      | Found a runed door.
  3149 | D:5      | Reached **** piety under Trog
  3152 | D:5      | Reached skill level 13 in Axes
  3245 | D:6      | Found a staircase to the Ecumenical Temple.
  3335 | D:6      | Found a glowing drain.
  3354 | Sewer    | Entered a sewer
  3481 | Sewer    | Noticed Purgy
  3485 | Sewer    | Killed Purgy
  3662 | D:6      | Reached XP level 9. HP: 62/71 MP: 8/8
  3745 | D:6      | Reached skill level 14 in Axes
  4049 | D:7      | Reached ***** piety under Trog
  4216 | D:7      | Found a basalt altar of Yredelemnul.
  4285 | D:7      | Reached skill level 15 in Axes
  4500 | D:7      | Noticed Duvessa
  4502 | D:7      | Noticed Dowan
  4507 | D:7      | Killed Duvessa
  4532 | D:7      | Killed Dowan
  4579 | D:7      | Reached skill level 16 in Axes
  4584 | D:7      | Reached XP level 10. HP: 56/78 MP: 9/9
  4829 | D:8      | Noticed a two-headed ogre
  4838 | D:8      | Killed a two-headed ogre
  4960 | D:8      | Reached skill level 17 in Axes
  5342 | D:8      | Found a hazy altar of Hepliaklqana.
  5346 | D:8      | Found a bloodstained altar of Trog.
  5547 | D:8      | Found a glowing golden altar of the Shining One.
  5549 | D:8      | Noticed Maurice
  5559 | D:8      | Killed Maurice
  5839 | D:9      | Found a staircase to the Orcish Mines.
  5844 | D:9      | Received a gift from Trog
  5869 | D:9      | HP: 1/79 [orc warrior/halberd (5)]
  5869 | D:9      | Slain by an orc warrior

Skill      XL: |  1  2  3  4  5  6  7  8  9 10 |
---------------+-------------------------------+-----
Axes           | 4 5 6 8 9 11 13 16 17 | 17.7
Fighting       | 4 |  4.2
Armour         | 3 |  3.0
Dodging        | |  2.2

Action                   |  1- 3 |  4- 6 |  7- 9 | 10-12 || total
-------------------------+-------+-------+-------+-------++-------
Melee: Hand axe          |    54 |    82 |    56 |       ||   192
       Headbutt          |     7 |    13 |    59 |    27 ||   106
       War axe           |       |       |   252 |   122 ||   374
Invok: Berserk           |     1 |     3 |     6 |     4 ||    14
       Trog's Hand       |       |       |       |     1 ||     1
  Use: Scroll            |       |     1 |       |    11 ||    12
  Eat: Chunk             |       |     6 |    15 |     6 ||    27
       Ration            |       |       |       |     1 ||     1
Armor: Ring mail         |    23 |       |       |       ||    23
       Animal skin       |     3 |       |       |       ||     3
       Scale mail        |       |    36 |    16 |       ||    52
       Plate armour      |       |       |   141 |    45 ||   186
Dodge: Dodged            |    50 |    47 |   111 |    58 ||   266
